 Dungeon Crawl Stone Soup version 0.30.1-4-g462c640d31 (webtiles) character file.

Game seed: 2173234090467539721

7 croobank the Sneak (level 1, 0/14 HPs)
             Began as an Armataur Enchanter on Aug 25, 2023.
             Slain by a kobold
             ... wielding a +0 whip
              (3 damage)
             ... on level 1 of the Dungeon.
             The game lasted 00:00:54 (150 turns).

croobank the Sneak (Armataur Enchanter)              Turns: 150, Time: 00:00:55

Health: 0/14       AC:  4    Str: 13    XL:     1   Next: 83%
Magic:  3/3        EV:  9    Int: 15    God:
Gold:   0          SH:  0    Dex: 10    Spells: 3/3 levels left

rFire   . . .        a - +1 dagger
rCold   . . .        (no shield)
rNeg    . . .        b - +0 robe
rPois   .            (no helmet)
rElec   .            (no cloak)
rCorr   .            (no gloves)
SInv    .            (no barding)
Will    .....        (no amulet)
Stlth   ++           (no ring)
HPRegen 0.22/turn    (no ring)
MPRegen 0.08/turn

%: roll
@: no status effects
A: large, rugged brown scales 3, deformed body, armoured tail, roll, long
tongue, awkward tongue
a: no special abilities


You were on level 1 of the Dungeon.
You visited 1 branch of the dungeon, and saw 1 of its levels.

Inventory:

Hand Weapons
 a - a +1 dagger (weapon)
Armour
 b - a +0 robe (worn)
Scrolls
 d - a scroll of blinking {unknown}
 e - a scroll of teleportation {unknown}
Potions
 c - 2 potions of invisibility
 f - a potion of might {unknown}
 g - a potion of flight {unknown}


   Skills:
 + Level 1.1 Short Blades
 + Level 1.5 Dodging
 + Level 3.4 Stealth
 + Level 1.9 Spellcasting
 + Level 2.8 Hexes


You had 3 spell levels left.
You didn't know any spells.
Your spell library contained the following spells:

 Spells                   Type           Power      Damage    Failure   Level
 Ensorcelled Hibernation  Hex/Ice        10%        N/A       19%         2
 Confusing Touch          Hex            9%         N/A       22%         3
 Tukima's Dance           Hex            9%         N/A       22%         3
 Dazzling Flash           Conj/Hex       10%        N/A       36%         3


Dungeon Overview and Level Annotations

Branches:
Dungeon (1/15)

Altars:


Innate Abilities, Weirdness & Mutations

You are completely covered in rugged brown scales. (AC +3, +7% HP)
Armour fits poorly on your strangely shaped body.
You have a long armoured tail.
You roll when moving toward enemies. (Rampage)
Your long tongue fully drains potion bottles. (2x potion effects)
Your tongue gives you trouble enunciating. (1.5x scroll delay)


Message History

You puncture the rat!
You kill the rat!
Found a book of Blood.
The goblin shouts!
You roll towards the endoplasm!
You roll towards the endoplasm!
You barely miss the endoplasm.
The endoplasm jiggles.
The endoplasm hits you but does no damage.
You hit the endoplasm.
The endoplasm is moderately wounded.
The endoplasm freezes you.
You are frozen.
You hit the endoplasm.
You kill the endoplasm!
You roll towards the goblin!
You hit the goblin. Your punch misses the goblin.
The goblin is severely wounded.
The goblin misses you.
You barely miss the goblin.
The goblin is severely wounded.
The goblin hits you but does no damage.
A kobold comes into view. It is wielding a +0 whip.
You barely miss the goblin.
The kobold shouts!
Your tail-slap misses the goblin.
The goblin is severely wounded.
The goblin hits you with a +0 club.
You barely miss the goblin.
The goblin is severely wounded.
The goblin hits you with a +0 club.
You are too injured to fight recklessly!
You are too injured to fight recklessly!
You are too injured to fight recklessly!
You are too injured to fight recklessly!
You are too injured to fight recklessly!
You are too injured to fight recklessly!
The goblin hits you with a +0 club. The goblin attacks as you move away!
The goblin hits you with a +0 club.
* * * LOW HITPOINT WARNING * * *
The kobold hits you with a +0 whip.
You die...

. #...#####.#.#...#.#
####...# #....>.....
.^...:### #####.#####
#.......# #.# ##
#.#...#.# #.# #. #
#!....#†# #.#####.
..#.#..##.#.#
####.......
............#
#.....####.
#.#.....g@..####.###.#
#. ...##...K........#
#.# #. #
#......#####.###.# #.
....#..$.# #.....# #.
##.###.### ###.### #.
#. #..# #.# ## ##....#
#.# ###.# #.# ..#


You could see a goblin and a kobold.

Vanquished Creatures
  An endoplasm (D:1)
  A giant cockroach (D:1)
  A hobgoblin (D:1)
  A ball python (D:1)
  A frilled lizard (D:1)
  2 rats (D:1)
7 creatures vanquished.

Notes
Turn   | Place    | Note
-------+----------+-------------------------------------------
     0 | D:1      | croobank the Armataur Enchanter began the quest for the
                  | Orb.
     0 | D:1      | Reached XP level 1. HP: 14/14 MP: 3/3
    25 | D:1      | Reached skill level 1 in Short Blades
   150 | D:1      | Slain by a kobold

Illustrated notes

Levels and vault maps discovered:
D:1:      reono_arrival_forest_river, layout_loops_cross,
          dilly_ecumenical_altar_fadedgnrine

Skill      XL: |  1 |
---------------+----+-----
Short Blades   | 1 |  1.1
Dodging        | |  1.5
Stealth        | |  3.4
Spellcasting   | |  1.9
Hexes          | |  2.8

Action                     || total
---------------------------++-------
  Melee: Dagger            ||    33
   Stab: Sleeping          ||     1
 Armour: Robe              ||    15
  Dodge: Dodged            ||     8
